Map: Orbital Shipyard

Players

puCK (Nina)

  • Race: Protoss Protoss
  • League: Grandmaster

CMStormPolt (Polt) - Winner!

  • Race: Terran Terran
  • League: Grandmaster

VOD

https://www.youtube.com/watch?v=T3If9SEZerA

Description

Time

  • Played on: Feb. 14, 2016, 6:59 p.m.
  • Length: 13:34
Show
View Real Time Build Order
Export as new Build Order

puCK Protoss 

Build Orders: 1 Gate Expand, Colossus Rush 

Get SALT Encoding   

  12  0:00  Probe (Chrono Boost)  
  13  0:11  Probe (Chrono Boost)  
  14  0:17  Pylon  
  14  0:22  Probe (Chrono Boost)  
  16  0:35  Probe (Chrono Boost)  
  16  0:37  Gateway  
  16  0:41  Assimilator  
  16  0:46  Probe (Chrono Boost)  
  17  0:56  Probe (Chrono Boost)  
  18  1:07  Probe (Chrono Boost)  
  19  1:18  Probe (Chrono Boost)  
  20  1:23  Nexus  
  20  1:34  Cybernetics Core  
  20  1:37  Probe (Chrono Boost)  
  21  1:43  Assimilator  
  21  1:47  Probe (Chrono Boost)  
  21  1:52  Pylon  
  22  1:58  Probe (Chrono Boost)  
  23  2:12  Mothership Core (Chrono Boost), Stalker  
  27  2:18  Warp Gate  
  28  2:30  Probe (Chrono Boost)  
  28  2:36  Probe (Chrono Boost)  
  29  2:40  Robotics Facility, Probe (Chrono Boost)  
  30  2:46  Probe (Chrono Boost)  
  30  2:51  Probe (Chrono Boost)  
  32  2:54  Stalker  
  32  2:57  Probe (Chrono Boost)  
  35  3:01  Probe (Chrono Boost)  
  36  3:07  Probe (Chrono Boost)  
  36  3:11  Pylon  
  36  3:12  Probe (Chrono Boost)  
  38  3:18  Probe (Chrono Boost)  
  39  3:22  Probe (Chrono Boost)  
  39  3:28  Probe (Chrono Boost)  
  39  3:31  Robotics Bay  
  39  3:33  Probe (Chrono Boost)  
  41  3:37  Probe (Chrono Boost)  
  41  3:39  Observer (Chrono Boost), Assimilator  
  43  3:44  Probe  
  43  3:48  Probe, Gateway x2  
  45  3:56  Probe  
  45  3:58  Pylon  
  45  4:00  Warp Prism (Chrono Boost), Probe  
  49  4:08  Probe  
  50  4:10  Probe  
  51  4:20  Probe  
  51  4:21  Probe  
  51  4:22  Gravitic Drive  
  53  4:25  Assimilator  
  56  4:31  Disruptor (Chrono Boost), Probe  
  56  4:32  Probe  
  58  4:42  Probe  
  58  4:43  Stalker  
  58  4:44  Probe  
  62  4:47  Pylon  
  62  5:02  Nexus  
  62  5:05  Probe  
  62  5:06  Pylon  
  63  5:09  Colossus (Chrono Boost)  
  63  5:12  Probe  
  70  5:16  Pylon  
  70  5:19  Pylon  
  70  5:21  Extended Thermal Lance, Pylon  
  70  5:25  Probe  
  70  5:27  Stalker  
  73  5:30  Stalker  
  73  5:33  Probe  
  76  5:40  Probe  
  77  5:51  Adept x2  
  77  5:55  Colossus (Chrono Boost), Pylon  
  87  6:02  Stalker  
  89  6:07  Probe  
  84  6:16  Probe  
  85  6:19  Probe  
  85  6:20  Probe  
  85  6:24  Forge  
  87  6:26  Stalker x3  
  87  6:28  Probe  
  87  6:29  Probe  
  95  6:35  Probe  
  95  6:43  Probe x2  
  95  6:44  Observer (Chrono Boost)  
  98  6:50  Probe  
  98  6:51  Gateway  
  98  6:53  Probe  
  99  6:54  Twilight Council  
  99  6:56  Stalker x2  
  99  6:57  Gateway  
  99  6:58  Protoss Ground Weapons Level 1 (Chrono Boost), Probe  
  105  7:02  Probe  
  105  7:04  Probe  
  105  7:06  Observer (Chrono Boost)  
  107  7:08  Probe  
  107  7:14  Probe x2  
  109  7:19  Probe  
  109  7:20  Assimilator x2  
  111  7:25  Pylon  
  111  7:26  Probe  
  111  7:27  Pylon  
  112  7:30  Pylon  
  112  7:32  Pylon  
  112  7:36  Colossus (Chrono Boost)  
  113  7:44  Photon Cannon  
  113  7:46  Blink (Chrono Boost), Pylon  
  113  7:50  Probe  
  114  7:53  Probe  
  114  7:55  Probe, Gateway  
  114  7:57  Forge  
  116  8:01  Stalker, Pylon  
  116  8:02  Sentry  
  116  8:03  Sentry, Pylon  
  123  8:06  Sentry x2  
  126  8:24  Disruptor (Chrono Boost)  
  126  8:25  Adept, Pylon  
  130  8:27  Stalker x2  
  130  8:30  Protoss Ground Armor Level 1 (Chrono Boost)  
  133  8:35  Pylon  
  133  8:41  Adept x2  
  133  8:48  Gateway  
  137  8:49  Gateway  
  137  8:50  Gateway  
  137  8:52  Adept  
  139  8:57  Robotics Facility  
  139  8:58  Disruptor (Chrono Boost), Adept x3  
  139  9:02  Pylon  
  148  9:06  Photon Cannon  
  145  9:17  Pylon  
  145  9:26  Photon Cannon  
  145  9:28  Pylon  
  145  9:32  Stalker, Disruptor (Chrono Boost)  
  145  9:35  Stalker x2  
  145  9:36  Stalker  
  156  9:43  Disruptor (Chrono Boost)  
  159  9:56  Resonating Glaives (Chrono Boost)  
  159  10:00  Adept x5  
  159  10:01  Adept  
  159  10:03  Adept x2  
  159  10:04  Adept  
  176  10:14  Pylon  
  176  10:17  Pylon  
  176  10:20  Stalker  
  176  10:21  Stalker x4  
  182  10:27  Stalker x2  
  190  10:35  Warp Prism  
  190  10:38  Adept x2  
  164  10:50  Adept x2  
  164  10:51  Adept x3  
  155  10:58  Stalker  
  155  10:59  Stalker  
  155  11:02  Stalker  
  143  11:12  Stalker x3  
  149  11:23  Probe  
  150  11:31  Probe  
  151  11:35  Nexus  
  150  11:52  Mothership Core  
  150  11:53  Adept  
  153  11:54  Pylon  
  153  11:57  Pylon  
  153  11:59  Disruptor  
  152  12:03  Disruptor  
  156  12:27  Probe  
  156  12:28  Probe  
  158  12:30  Disruptor  
  158  12:34  Pylon  
  158  12:35  Pylon  
  161  12:39  Disruptor  
  161  12:40  Stalker  
  159  12:56  Sentry x3  
  161  13:07  Stalker x2  
  91  13:30  Stalker x2  
Show
View Real Time Build Order
Export as new Build Order

CMStormPolt Terran - Winner!

Build Orders: Reaper Expand, MMM Bio 

Get SALT Encoding   

  12  0:00  SCV  
  13  0:12  SCV  
  14  0:18  Supply Depot  
  14  0:25  SCV  
  15  0:40  Barracks, SCV  
  16  0:44  Refinery  
  16  0:52  SCV  
  17  1:04  SCV  
  18  1:16  SCV  
  19  1:28  Orbital Command, Reaper  
  20  1:41  Command Center  
  20  1:49  Supply Depot  
  20  1:53  SCV  
  21  2:01  Barracks Reactor  
  21  2:05  SCV  
  21  2:07  Barracks  
  22  2:17  SCV  
  23  2:24  Factory  
  23  2:29  SCV  
  24  2:38  Marine x2  
  24  2:40  Refinery  
  24  2:42  SCV  
  27  2:52  Orbital Command  
  27  2:54  SCV  
  27  2:55  Barracks Tech Lab  
  27  2:57  Marine x2  
  30  3:06  SCV  
  30  3:10  Starport  
  30  3:12  Widow Mine  
  33  3:18  Marine, SCV x2  
  33  3:19  Marine  
  37  3:21  Marine  
  38  3:30  SCV x2  
  38  3:32  Supply Depot  
  40  3:38  Marine x2  
  40  3:39  Marine  
  40  3:41  Widow Mine  
  43  3:42  SCV  
  46  3:53  Medivac, SCV  
  46  3:54  Supply Depot, SCV  
  46  3:55  Stimpack  
  50  4:01  Barracks  
  50  4:05  SCV  
  50  4:06  Marine x2, SCV  
  54  4:12  Marine  
  54  4:15  Factory Reactor  
  54  4:17  Supply Depot, SCV  
  54  4:18  SCV  
  54  4:20  Engineering Bay  
  56  4:29  Marine x3, SCV  
  56  4:30  SCV  
  61  4:37  Refinery  
  61  4:38  Medivac  
  61  4:39  Supply Depot  
  61  4:42  SCV x2  
  65  4:47  Terran Infantry Weapons Level 1  
  65  4:50  Marauder  
  65  4:52  Refinery  
  67  4:54  Marine x3  
  70  5:00  SCV x2  
  72  5:11  Barracks  
  72  5:12  Barracks  
  72  5:13  Factory Reactor  
  72  5:14  Marine x2  
  72  5:15  Marine, Marauder  
  72  5:20  Missile Turret  
  77  5:22  Missile Turret  
  77  5:23  SCV  
  78  5:29  Missile Turret  
  78  5:45  Medivac x2, SCV  
  78  5:51  Supply Depot x2  
  78  6:10  Barracks Tech Lab, Barracks Reactor  
  78  6:12  Marine x2, SCV x2, Marauder  
  78  6:13  Command Center  
  78  6:15  Liberator x2  
  77  6:24  SCV x2  
  79  6:28  Combat Shields, Marine x2  
  79  6:29  Marauder  
  79  6:30  Marine x2  
  79  6:31  Concussive Shells  
  79  6:32  Widow Mine  
  91  6:42  SCV x2  
  94  6:54  SCV  
  94  7:04  Terran Infantry Armor Level 1  
  94  7:07  Liberator x2  
  94  7:12  Supply Depot  
  94  7:13  Supply Depot  
  94  7:15  Marine x2  
  94  7:24  Marine x4, SCV  
  94  7:25  Marauder x2  
  109  7:33  SCV  
  109  7:36  SCV  
  111  7:43  Marine x5  
  116  7:44  Marine  
  116  7:45  SCV  
  116  7:46  Marauder x2  
  116  7:47  Orbital Command  
  116  7:48  Supply Depot x2  
  116  7:49  Widow Mine  
  124  7:52  Liberator x2  
  124  7:53  SCV  
  124  7:57  Armory  
  124  7:58  Engineering Bay  
  125  8:02  Supply Depot  
  125  8:03  Supply Depot  
  125  8:09  SCV  
  132  8:17  SCV x2, Refinery  
  132  8:18  Refinery  
  134  8:21  SCV  
  135  8:29  SCV x2  
  135  8:32  Starport  
  135  8:33  Fusion Core  
  135  8:34  SCV  
  138  8:38  Marine x4, Marauder x2  
  138  8:39  Marine x2  
  148  8:43  SCV x2  
  148  8:46  SCV  
  148  8:47  Terran Infantry Weapons Level 2  
  150  8:55  SCV x2  
  152  8:57  Supply Depot  
  152  8:58  Supply Depot, SCV  
  152  9:02  Liberator x2  
  153  9:03  Terran Infantry Armor Level 2  
  151  9:11  Starport Tech Lab  
  156  9:28  Advanced Ballistics  
  156  9:30  Marine x3, Supply Depot x3, Marauder x2  
  163  9:34  Marine  
  163  9:35  Marine x2  
  166  9:55  Medivac  
  167  10:02  Medivac x2  
  167  10:04  Command Center  
  167  10:06  Barracks x3  
  171  10:12  Marine x4, Marauder x2  
  171  10:13  Marine x2  
  181  10:14  Widow Mine  
  181  10:19  Liberator x3  
  171  10:50  Marine x6, Marauder x2  
  163  11:03  Marine x3  
  166  11:08  Liberator x2, Marine x6  
  166  11:09  Liberator  
  172  11:11  Marauder x2  
  176  11:25  Command Center  
  176  11:31  Starport  
  176  11:32  Terran Vehicle And Ship Armor Level 1  
  183  11:49  Widow Mine  
  183  11:52  Planetary Fortress  
  185  11:56  Refinery  
  185  11:57  Missile Turret  
  185  12:02  Barracks Tech Lab x2, Barracks Reactor  
  185  12:09  Refinery  
  183  12:17  Liberator  
  183  12:18  Starport Reactor, Ghost Academy  
  183  12:29  Widow Mine  
  185  12:34  Medivac x2  
  198  12:37  Marauder x2  
  198  12:38  Marine x4  
  198  12:39  Orbital Command  
  198  12:41  Command Center  
  186  13:07  Marine x6, Marauder x4  
Tags
 
Add a new tag
Caveats
  • Supply blocks, unpowered buildings, or Contaminate may cause inaccurate times.
  • Supply counts are checked every 10 seconds.